AoeStats
← CastleDuck

Oasis

508944431Analyzed
2v2 RM · 9d ago on Sep 24, 2026· 39m 24s· 4 players
Game mode
Random Map
Map size
Medium (4 player)
Population
200
Speed
Normal
Resources
Standard
Victory
Conquest
Starting age
Dark Age
Ending age
Imperial Age
RankedLock teamsTeams togetherTeam positionsShared explorationLock speedFull tech treeHidden civsTurbo modeCheats
Victory
Defeat
🇷🇴 Magyars · Romania
787
+14
🇷🇴 Bohemians · Romania
786
+14
🇨🇿 Khmer · Czechia
763
-14
🇨🇿 Cumans · Czechia
737
-14
CastleDuck
0:26 Loom
12:30 Feudal Age
14:41 Double-Bit Axe
15:04 Horse Collar
17:15 Forging
17:06 Scale Mail Armor
16:57 Fletching
22:12 Castle Age
20:09 Arson
19:50 Man-at-Arms
21:25 Padded Archer Armor
22:37 Pikeman
25:13 Long Swordsman
26:02 Light Cavalry
31:51 Wheelbarrow
34:33 Gold Mining
36:18 Masonry
36:28 Hand Cart
37:04 Bow Saw
NobunagaOda
7:11 Loom
11:32 Feudal Age
20:05 Horse Collar
22:53 Padded Archer Armor
22:44 Fletching
22:55 Scale Mail Armor
29:34 Castle Age
35:05 Heavy Plow
34:55 Double-Bit Axe
rAd1caL.^
3:50 Loom
10:04 Feudal Age
11:26 Double-Bit Axe
21:17 Castle Age
19:23 Gold Mining
20:43 Bloodlines
21:25 Scale Barding Armor
23:01 Stone Mining
22:57 Horse Collar
23:30 Bow Saw
24:04 Fletching
24:53 Gold Shaft Mining
27:23 Wheelbarrow
26:34 Town Watch
33:40 Thumb Ring
34:45 Chain Barding Armor
35:28 Husbandry
35:33 Bodkin Arrow
35:40 Padded Archer Armor
36:34 Heavy Plow
38:13 Ballistics
41:54 Imperial Age
39:31 Corvinian Army
szokeherceg
9:40 Loom
11:28 Feudal Age
12:28 Double-Bit Axe
17:23 Castle Age
17:16 Horse Collar
17:51 Forging
18:22 Pikeman
21:51 Heavy Plow
22:10 Bow Saw
27:21 Chemistry
35:23 Scale Mail Armor
36:00 Iron Casting
35:28 Padded Archer Armor
40:01 Imperial Age
39:57 Squires
Connection lost

Rejoining the realm…

Still unreachable

The connection could not be restored.

Session expired

The server has moved on; the page needs a fresh start.